 Dungeon Crawl Stone Soup version 0.26-a0-812-g31a745ddcd (webtiles) character file.

Game seed: 10040918985324865633

40 kae the Ruffian (level 3, -11/28 HPs)
             Began as a Draconian Transmuter on Dec 2, 2020.
             Killed from afar by a white imp (12 damage)
             ... with a puff of frost
             ... on level 2 of the Dungeon.
             The game lasted 00:00:36 (1226 turns).

kae the Ruffian (Draconian Transmuter)              Turns: 1226, Time: 00:00:37

Health: -11/28     AC:  5    Str: 13    XL:     3   Next: 30%
Magic:  6/6        EV: 12    Int: 13    God:
Gold:   42         SH:  0    Dex: 11    Spells: 2/6 levels left

rFire    . . .     SeeInvis .     - Unarmed
rCold    . . .     Faith    .   (no shield)
rNeg     . . .     Spirit   .   (armour unavailable)
rPois    .         Reflect  .   (helmet restricted)
rElec    .         Harm     .   (no cloak)
rCorr    .         Rampage  .   (no gloves)
MR       .....                  (no boots)
Stlth    +.........             (no amulet)
HPRegen  0.09/turn              (no ring)
MPRegen  0.10/turn              (no ring)

@: no status effects
A: unfitting armour, cold-blooded, AC +5
a: no special abilities


You were on level 2 of the Dungeon.
You visited 1 branch of the dungeon, and saw 2 of its levels.

You collected 42 gold pieces.

Inventory:

Potions
 a - a potion of attraction {unknown}
 e - a potion of heal wounds {unknown}


   Skills:
 + Level 1.6 Fighting
 + Level 2.0 Dodging
 * Level 3.4 Unarmed Combat
 + Level 2.3 Spellcasting
 * Level 2.5 Transmutations


You had 2 spell levels left.
You knew the following spells:

 Your Spells              Type           Power        Failure   Level
a - Beastly Appendage     Tmut           #.....       9%          1
b - Spider Form           Tmut/Pois      #.........   41%         3

Your spell library contained the following spells:

 Spells                   Type           Power        Failure   Level
 Wereblood                Tmut           #.......     13%         2
 Ice Form                 Ice/Tmut       #.......     82%         4
 Blade Hands              Tmut           #.........   94%         5


Dungeon Overview and Level Annotations

Branches:
Dungeon (2/15)

Altars:


Innate Abilities, Weirdness & Mutations

Your plain brown scales are hard. (AC +5)
You cannot fit into any form of body armour.
You are cold-blooded and may be slowed by cold attacks.


Message History

The stone freezes you.
You see here 2 stones.
The goblin shoots a stone.
The stone misses you.
You see here a wand of flame (19).
You feel yourself speed up.
The goblin shoots a stone.
The stone hits you.
You feel yourself slow down. The stone freezes you.
The white imp closely misses you.
You see here a stone.
The white imp gestures at you. The puff of frost hits you!
The goblin shoots a stone.
The stone hits you. The stone freezes you.
You see here 2 stones.
You feel yourself speed up.
You see here a stone.
The white imp gestures at you. The puff of frost hits you!
* * * LOW HITPOINT WARNING * * *
The white imp gestures at you. The puff of frost hits you!
You die...

...............
.......(#......
#+#..#./######.#
#...g(..[....#
#...(S((†....#
#....5#####.##
#.........#
#.......#.#
#..#...@..#
#..#...####.#
#...........#
##.#.#.######
#.#.#...############
..#................#
#####.....#########.#
#...#.#......<#.#
......#.#.###.#.#.#


You could see a white imp, a goblin and a ball python.

Vanquished Creatures
  An adder (D:2)
  2 bats
  2 giant cockroaches (D:1)
  5 hobgoblins
  7 jackals (D:1)
  5 kobolds
  3 goblins
  A rat (D:1)
26 creatures vanquished.

Vanquished Creatures (others)
  A plant (D:2)
1 creature vanquished.

Grand Total: 27 creatures vanquished

Notes
Turn   | Place    | Note
-------+----------+-------------------------------------------
     0 | D:1      | kae the Draconian Transmuter began the quest for the Orb.
     0 | D:1      | Reached XP level 1. HP: 16/16 MP: 3/3
   365 | D:1      | Reached XP level 2. HP: 23/23 MP: 3/5
  1059 | D:2      | Reached XP level 3. HP: 26/28 MP: 4/6
  1141 | D:2      | Learned a level 3 spell: Spider Form
  1225 | D:2      | HP: 1/28 [white imp/puff of frost (8)]
  1226 | D:2      | Killed from afar by a white imp

Illustrated notes

Levels and vault maps discovered:
D:1:      nzn_arrival_water_spiral, layout_rooms
D:2:      layout_basic, chequers_ecumenical_altar_lobes, uniq_jessica

Skill      XL: |  1  2 |
---------------+-------+-----
Dodging        | 2 |  2.0
Fighting       | |  1.6
Unarmed Combat | |  3.4
Spellcasting   | |  2.3
Transmutations | |  2.5

Action                   || total
-------------------------++-------
Melee: Unarmed           ||    96
       Kick              ||     9
       Headbutt          ||     5
       Tailslap          ||     4
 Cast: Beastly Appendage ||    17
  Use: Scroll            ||     3
Armor: Skin              ||    24
Dodge: Dodged            ||    73

Table legend: (Time is in decaauts)
 A = Elapsed time spent in this place.
 B = Non-inter-level travel time spent in this place.
 C = Inter-level travel time spent in this place.
 D = Time resting spent in this place.
 E = Time spent auto-exploring this place.
 F = Levels seen in this place.
 G = Mean time per level.
                   A        B        C        D        E       F      G
               +--------+--------+--------+--------+--------+-----+--------+
         Total |   1226 |   1221 |      5 |    254 |    763 |   2 |  613.0 |
       Dungeon |   1226 |   1221 |      5 |    254 |    763 |   2 |  613.0 |
               +--------+--------+--------+--------+--------+-----+--------+

Top non-repeatable levels by time:
     D:1: 1047 daAuts
     D:2: 179 daAuts
